Map: Bel'Shir Vestige LE (Void)

Players

Railgan

  • Race: Zerg Zerg
  • League: Grandmaster
  • Spawn Location: 5:00

lIlIlIlIlIlI - Winner!

  • Race: Zerg Zerg
  • League: Grandmaster
  • Spawn Location: 11:00

VOD

Have the link to the VOD?

Description

Time

  • Played on: March 18, 2017, 6:49 p.m.
  • Length: 6:14
Show
View Real Time Build Order
Export as new Build Order

Railgan Zerg 

Build Orders: Hatch First 

Get SALT Encoding   

  12  0:01  Drone  
  13  0:12  Overlord  
  13  0:17  Drone  
  14  0:31  Drone  
  14  0:32  Drone  
  16  0:41  Drone  
  17  0:50  Drone  
  17  0:56  Hatchery  
  17  0:59  Drone  
  18  1:04  Extractor  
  17  1:14  Spawning Pool  
  17  1:17  Drone  
  17  1:19  Drone  
  18  1:27  Drone  
  19  1:39  Overlord  
  19  1:54  Drone  
  20  2:00  Drone  
  20  2:01  Queen  
  23  2:08  Queen  
  23  2:09  Zergling x2  
  23  2:14  Drone, Metabolic Boost  
  27  2:19  Drone  
  27  2:22  Drone  
  29  2:31  Drone  
  29  2:34  Baneling Nest  
  29  2:35  Drone  
  29  2:36  Queen  
  32  2:44  Overlord  
  32  2:48  Queen  
  34  2:55  Drone  
  34  2:57  Zergling x2  
  36  3:04  Drone x3  
  38  3:09  Drone  
  39  3:13  Drone  
  39  3:14  Zergling x2  
  39  3:17  Drone  
  39  3:18  Baneling x2  
  42  3:20  Drone x2  
  44  3:27  Lair  
  44  3:30  Overlord  
  44  3:37  Baneling  
  44  3:44  Evolution Chamber  
  44  3:46  Evolution Chamber  
  44  3:47  Baneling, Zergling x2  
  43  3:53  Zergling x2  
  43  4:00  Zergling x2  
  43  4:01  Zergling x14  
  50  4:06  Baneling x2  
  50  4:12  Drone  
  50  4:16  Overlord  
  50  4:17  Overlord  
  51  4:18  Drone  
  49  4:27  Extractor  
  49  4:29  Extractor  
  47  4:32  Drone x4  
  47  4:36  Drone x3  
  54  4:47  Drone, Hatchery  
  52  5:02  Drone  
  52  5:03  Drone x2  
  52  5:05  Zergling x2  
  52  5:06  Zergling x8  
  58  5:12  Drone x2  
  60  5:14  Zergling x2  
  60  5:16  Baneling x2, Roach Warren  
  60  5:18  Drone x2  
  62  5:26  Extractor  
  62  5:28  Drone x2  
  63  5:38  Drone x2  
  63  5:42  Drone  
  66  5:43  Drone  
  64  5:50  Hydralisk Den  
Show
View Real Time Build Order
Export as new Build Order

lIlIlIlIlIlI Zerg - Winner!

Build Orders: Hatch First 

Get SALT Encoding   

  12  0:01  Drone  
  13  0:12  Overlord  
  13  0:17  Drone  
  14  0:31  Drone x2  
  14  0:35  Drone  
  17  0:53  Hatchery  
  17  0:54  Drone  
  17  0:57  Drone  
  18  1:08  Extractor  
  17  1:13  Spawning Pool  
  17  1:16  Drone  
  17  1:18  Drone  
  18  1:28  Drone  
  19  1:40  Drone  
  20  1:49  Overlord  
  20  2:00  Queen  
  22  2:05  Queen  
  22  2:06  Zergling x4  
  26  2:09  Metabolic Boost  
  26  2:12  Drone  
  27  2:16  Drone  
  27  2:22  Drone  
  29  2:27  Drone  
  30  2:34  Hatchery  
  30  2:36  Zergling x2  
  30  2:42  Queen  
  33  2:44  Drone  
  33  2:48  Overlord  
  33  2:53  Drone  
  33  2:55  Drone  
  35  3:10  Zergling x12  
  41  3:13  Zergling x2  
  41  3:14  Zergling x4  
  41  3:19  Overlord  
  44  3:36  Overlord  
  44  3:39  Drone x2  
  46  3:43  Drone x2  
  46  3:44  Drone  
  46  3:45  Drone x2  
  46  3:46  Drone  
  48  4:00  Drone x2  
  48  4:01  Drone x3  
  49  4:04  Drone  
  49  4:09  Extractor, Roach Warren  
  47  4:10  Extractor  
  47  4:14  Zergling x2  
  47  4:15  Zergling x10  
  49  4:28  Zergling x6  
  52  4:33  Overlord  
  52  4:37  Overlord  
  52  4:42  Overlord  
  52  4:51  Roach  
  52  4:52  Roach x8  
  66  5:00  Roach  
  66  5:01  Roach x2  
  66  5:06  Zergling x2  
  72  5:07  Zergling x2  
  72  5:14  Zergling x4  
  72  5:15  Zergling x2  
  72  5:21  Zergling x12  
  80  5:26  Zergling x2  
  82  5:29  Zergling x2  
  82  5:32  Overlord  
  82  5:34  Overlord  
  83  5:43  Ravager x4  
  83  5:44  Ravager x2  
  83  5:46  Zergling x2  
  83  5:47  Zergling x2  
Tags
 
Add a new tag
Caveats
  • Supply blocks, unpowered buildings, or Contaminate may cause inaccurate times.
  • Supply counts are checked every 10 seconds.